 Dungeon Crawl Stone Soup version 0.31-a0-182-gc5ef74bbde (webtiles) character file.

Game seed: 14668282878509912482

687 Anon1729 the Trooper (level 7, -3/61 HPs)
             Began as a Minotaur Monk on June 20, 2023.
             Slain by an acid dragon (5 damage)
             ... on level 5 of the Dungeon.
             The game lasted 00:01:39 (4395 turns).

Anon1729 the Trooper (Minotaur Monk)                Turns: 4395, Time: 00:01:40

Health: -3/61      AC: -1    Str: 15    XL:     7   Next: 35%
Magic:  8/8        EV: 14    Int:  7    God:
Gold:   244        SH:  0    Dex: 15    Spells: 6/6 levels left

rFire   . . .        u - +0 dagger (venom)
rCold   . . .        d - orb {light}
rNeg    . . .        b - +0 robe
rPois   .            (helmet restricted)
rElec   .            (no cloak)
rCorr   .            (no gloves)
SInv    .            (no boots)
Will    .....        (no amulet)
Stlth   +            g - ring of wizardry
HPRegen 0.30/turn    (no ring)
MPRegen 0.11/turn

%: wizardry (x1)
@: corroded, glowing
A: horns 2, retaliatory headbutt
a: no special abilities


You were on level 5 of the Dungeon.
You visited 1 branch of the dungeon, and saw 5 of its levels.

You collected 244 gold pieces.

Inventory:

Hand Weapons
 a - a +0 short sword
 o - a +3 short sword
 u - a +0 dagger of venom (weapon)
Missiles
 s - 5 poisoned darts
Armour
 b - a +0 robe (worn)
 d - an orb of light (worn)
Jewellery
 g - a ring of wizardry (left hand)
 q - a ring of wizardry
Scrolls
 f - a scroll of blinking
 j - a scroll of revelation {unknown}
 k - a scroll of enchant armour
 l - 2 scrolls of teleportation {unknown}
 n - a scroll of immolation {unknown}
 r - a scroll of fog {unknown}
 v - a scroll of brand weapon {unknown}
Potions
 c - a potion of ambrosia
 e - a potion of cancellation {unknown}
 h - 5 potions of curing {unknown}
 i - a potion of attraction {unknown}
 m - 2 potions of berserk rage {unknown}
 p - a potion of mutation {unknown}
 t - a potion of heal wounds {unknown}


   Skills:
 + Level 5.6 Fighting
 + Level 5.1 Short Blades
 + Level 4.0 Armour
 + Level 5.1 Dodging
 + Level 3.3 Invocations


You had 6 spell levels left.
You didn't know any spells.
Your spell library contained the following spells:

 Spells                   Type           Power      Damage    Failure   Level
 Apportation              Tloc           0%         N/A       19%         1
 Alistair's Intoxication  Tmut/Pois      0%         N/A       99%         5


Dungeon Overview and Level Annotations

Branches:
Dungeon (5/15)
 Temple: D:4-7

Altars:
Elyvilon
Kikubaaqudgha
Wu Jian
The Shining One

Shops:
D:2 [


Innate Abilities, Weirdness & Mutations

You have a pair of horns on your head.
You reflexively headbutt those who attack you in melee.


Message History

There is an open door here.
You hit the acid dragon but do no damage.
The acid dragon bites you! The acid dragon barely misses you.
You are too injured to fight recklessly!
You are too injured to fight recklessly!
You are too injured to fight recklessly!
You are too injured to fight recklessly!
You are too injured to fight recklessly!
You are too injured to fight recklessly!
You are too injured to fight recklessly!
You are too injured to fight recklessly!
You are too injured to fight recklessly!
You are too injured to fight recklessly!
You are too injured to fight recklessly!
You are too injured to fight recklessly!
You are too injured to fight recklessly!
You are too injured to fight recklessly!
You are too injured to fight recklessly!
You are too injured to fight recklessly!
You are too injured to fight recklessly!
You are too injured to fight recklessly!
You are too injured to fight recklessly!
You are too injured to fight recklessly!
You are too injured to fight recklessly!
Unknown command.
You hit the acid dragon but do no damage.
Your headbutt misses the acid dragon.
The acid dragon bites you but does no damage.
The acid dragon misses you.
You hit the acid dragon but do no damage.
Your headbutt misses the acid dragon. The acid dragon spits acid at you.
The splash of acid hits you!
* * * LOW HITPOINT WARNING * * *
The acid corrodes you!
The acid dragon attacks as you move away!
The acid dragon bites you!
* * * LOW HITPOINT WARNING * * *
The acid dragon claws you.
You die...

#.#.#.# .. #.#.#.##
#.. #....... #..
#.#..### # #..
#[......
#.##.###+###+###'###..
...#..#......†#..###
#.#D.#.......#..###
#.@..+###+###'..+..
#)#..#.+..)'.#..#..
#.#..#.#...#.#..#.
#.+##+.#._.#.+##+
#)#..#.#...#.#
#.#..#.'...+.#
#.'..'###'###+
###..#.......#
#..#.......#


You could see an acid dragon (catching breath).

Vanquished Creatures
  Sigmund (D:2)
  An ogre (D:4)
  A hound (D:3)
  Jessica (D:2)
  2 iguanas
  Natasha (thrice) (D:2)
  3 orc wizards
  10 adders
  An ufetubus (D:4)
  3 dart slugs
  14 orcs
  3 ball pythons
  2 bats
  6 endoplasms
  2 giant cockroaches
  8 goblins
  9 hobgoblins
  4 jackals (D:2)
  A kobold (D:3)
  3 quokkas
  3 frilled lizards (D:2)
  3 rats
  A spectral goblin (D:1)
85 creatures vanquished.

Notes
Turn   | Place    | Note
-------+----------+-------------------------------------------
     0 | D:1      | Anon1729 the Minotaur Monk began the quest for the Orb.
     0 | D:1      | Reached XP level 1. HP: 19/19 MP: 0/0
   146 | D:1      | Found a faded altar of an unknown god.
   179 | D:1      | Reached XP level 2. HP: 15/27 MP: 1/1
   634 | D:2      | Found Didyung's Armour Shop.
   638 | D:2      | Reached skill level 1 in Armour
   640 | D:2      | Noticed Natasha
   657 | D:2      | Killed Natasha
   658 | D:2      | Reached skill level 1 in Invocations
   658 | D:2      | Reached XP level 3. HP: 26/33 MP: 2/2
   672 | D:2      | Noticed Natasha
   684 | D:2      | Killed Natasha
   685 | D:2      | Reached XP level 4. HP: 29/40 MP: 2/4
  1024 | D:2      | Noticed Natasha
  1037 | D:2      | Killed Natasha
  1493 | D:2      | Noticed Sigmund
  1508 | D:2      | Killed Sigmund
  1509 | D:2      | Reached XP level 5. HP: 16/47 MP: 5/5
  1509 | D:2      | Reached XP level 6. HP: 19/55 MP: 6/6
  1784 | D:2      | Noticed Jessica
  1789 | D:2      | Killed Jessica
  1932 | D:3      | Found an ancient bone altar of Kikubaaqudgha.
  2010 | D:3      | Reached skill level 5 in Fighting
  3436 | D:4      | Found a white marble altar of Elyvilon.
  3609 | D:4      | Reached XP level 7. HP: 52/61 MP: 8/8
  3675 | D:4      | Reached skill level 5 in Short Blades
  3675 | D:4      | Reached skill level 5 in Dodging
  3882 | D:4      | Found a glowing golden altar of the Shining One.
  4245 | D:5      | Entered Level 5 of the Dungeon
  4353 | D:5      | Found an ornate altar of the Wu Jian Council.
  4395 | D:5      | HP: 2/61 [acid dragon (8)]
  4395 | D:5      | Slain by an acid dragon

Illustrated notes

Levels and vault maps discovered:
D:1:      wander_arrival_desolate, layout_basic,
          dreamdust_ecumenical_altar_drowned_temple
D:2:      layout_basic, serial_forest, infiniplex_forest_pool,
          infiniplex_forest_clump_tiny, infiniplex_forest_corner_2,
          infiniplex_forest_straight_4, infiniplex_forest_end_double,
          serial_shops, shop, uniq_jessica, uniq_natasha, uniq_sigmund
D:3:      layout_loops_ring, overflow_temple_1_default, serial_rivers,
          chequers_serial_rivers_room_a, chequers_serial_rivers_room_b,
          chequers_serial_rivers_marsh, chequers_serial_rivers_large_b,
          chequers_serial_rivers_small_b, chequers_serial_rivers_micro_d,
          minmay_close_crescents
D:4:      layout_loops_ring, nicolae_tso_carved_into_rock,
          mainiacjoe_overflow_alcove_2, minmay_misc_feat_more_columns, hex_tiny
D:5:      layout_basic, trog_antimagical, mainiacjoe_overflow_catwalk,
          mainiacjoe_overflow_24_doors, minmay_temple_entry_proselytizer,
          uniq_crazy_yiuf_cottage

Skill      XL: |  1  2  3  4  5  6  7 |
---------------+----------------------+-----
Armour         | 1 2 3 4 |  4.0
Fighting       | 4 5 |  5.6
Invocations    | 1 2 3 |  3.3
Short Blades   | 4 5 |  5.1
Dodging        | 4 5 |  5.1

Action                     |  1- 3 |  4- 6 |  7- 9 || total
---------------------------+-------+-------+-------++-------
  Melee: Short sword       |    44 |   134 |    18 ||   196
         Headbutt          |     5 |    29 |    16 ||    50
         Unarmed           |     3 |     8 |       ||    11
         Dagger            |       |       |    19 ||    19
    Use: Scroll            |       |     3 |       ||     3
 Armour: Robe              |     4 |    12 |     2 ||    18
         Skin              |    32 |     2 |       ||    34
  Dodge: Dodged            |    50 |    68 |    25 ||   143

Table legend: (Time is in decaauts)
 A = Elapsed time spent in this place.
 B = Non-inter-level travel time spent in this place.
 C = Inter-level travel time spent in this place.
 D = Time resting spent in this place.
 E = Time spent auto-exploring this place.
 F = Levels seen in this place.
 G = Mean time per level.
                   A        B        C        D        E       F      G
               +--------+--------+--------+--------+--------+-----+--------+
         Total |   4414 |   4005 |    409 |    301 |   3210 |   5 |  882.8 |
       Dungeon |   4414 |   4005 |    409 |    301 |   3210 |   5 |  882.8 |
               +--------+--------+--------+--------+--------+-----+--------+

Top non-repeatable levels by time:
     D:2: 1443 daAuts
     D:3: 1342 daAuts
     D:4: 864 daAuts
     D:1: 618 daAuts
     D:5: 145 daAuts
